 Dungeon Crawl Stone Soup version 0.31.0-12-g77e489cdc1 (webtiles) character file.

Game seed: 9393096577138027792

17203 Eitelfritz the Cleaver (level 12, 0/93 (95) HPs)
             Began as a Formicid Fighter on Feb 16, 2024.
             Was a High Priest of Okawaru.
             Slain by a ten-headed hydra (1 damage)
             ... on level 12 of the Dungeon.
             The game lasted 00:27:56 (12179 turns).

Eitelfritz the Cleaver (Formicid Fighter)          Turns: 12179, Time: 00:27:56

HP:   0/93 (95)     AC: 14    Str: 26    XL:     12   Next: 79%
MP:   11/16         EV: 11    Int:  8    God:    Okawaru [*****.]
Gold: 265           SH: 18    Dex: 13    Spells: 11/11 levels left

rFire   + . .        a - +3 executioner's axe (freeze)
rCold   . . .        f - +2 tower shield
rNeg    . . .        F - +0 acid dragon scales
rPois   +            (helmet unavailable)
rElec   .            m - +2 cloak
rCorr   +            K - +0 pair of gloves
SInv    +            G - +0 pair of boots of the Cockatrice {Slay+3}
Will    +....        (no amulet)
Stlth   ++           h - ring of protection from fire
HPRegen 0.35/turn    k - ring of poison resistance
MPRegen 0.15/turn

%: no passive effects
@: mighty, finesse-ful, lightly drained
A: permanent stasis, dig shafts and tunnels, antennae 3, four strong arms
a: Dig, Shaft Self, Renounce Religion, Heroism, Finesse, Duel


You were on level 12 of the Dungeon.
You worshipped Okawaru.
Okawaru was extremely pleased with you.
You visited 2 branches of the dungeon, and saw 13 of its levels.
You also visited: Sewer.

You collected 626 gold pieces.
You spent 361 gold pieces at shops.

Inventory:

Hand Weapons
 a - a +3 executioner's axe of freezing (weapon)
 b - a +2 shortbow of draining
 g - a +0 war axe
 v - a +2 trident of draining
 A - the +6 shillelagh "Devastator" {shatter}
   (You found it on level 8 of the Dungeon)
Missiles
 c - 9 boomerangs
 l - 16 poisoned darts
 E - 2 throwing nets
 L - a javelin
Armour
 f - a +2 tower shield (worn)
 m - a +2 cloak (worn)
 C - a +0 ring mail of cold resistance
 F - +0 acid dragon scales (worn)
 G - the +0 pair of boots of the Cockatrice (worn) {Slay+3}
   (You bought it in a shop on level 10 of the Dungeon)

   Slay+3:    It affects your accuracy & damage with ranged weapons and melee
   (+3).
 K - a +0 pair of gloves (worn)
Jewellery
 h - a ring of protection from fire (left hand)
 k - a ring of poison resistance (right hand)
 o - a ring of willpower
 p - an amulet of guardian spirit
 z - a ring of magical power
 H - a ring of positive energy
Wands
 y - a wand of flame (59)
Scrolls
 j - a scroll of vulnerability
 r - 2 scrolls of poison
 x - a scroll of revelation
 D - a scroll of fog
 I - 4 scrolls of identify
 J - a scroll of fear
Potions
 d - a potion of might
 e - 2 potions of lignification
 i - a potion of attraction
 n - a potion of magic
 q - a potion of ambrosia
 s - 2 potions of curing
 t - 3 potions of mutation
 u - a potion of heal wounds
 w - 3 potions of enlightenment
Miscellaneous
 B - a lightning rod (4/4)


   Skills:
 + Level 9.1 Fighting
 + Level 13.6 Axes
 + Level 8.0 Armour
 + Level 4.7 Dodging
 + Level 4.2 Stealth
 + Level 10.3 Shields
 + Level 6.1 Invocations


You had 11 spell levels left.
You didn't know any spells.
Your spell library contained the following spells:

 Spells                   Type           Power      Damage    Failure   Level
 Cigotuvi's Dreadful Rot  Necr/Alch/Air  0%         N/A       94%         2
 Lesser Beckoning         Tloc           0%         N/A       94%         2
 Momentum Strike          Conj/Tloc      0%         3d8       94%         2
 Gell's Gravitas          Tloc           0%         N/A       99%         3
 Inner Flame              Hex/Fire       0%         N/A       99%         3
 Teleport Other           Tloc           0%         N/A       99%         3
 Dispel Undead            Necr           0%         3d6       100%        4
 Flame Wave               Conj/Fire      0%         2d4       100%        4
 Manifold Assault         Tloc           0%         N/A       100%        4
 Sticky Flame             Fire/Alch      0%         2d4       100%        4
 Dispersal                Tloc           0%         N/A       100%        6
 Disjunction              Tloc           0%         N/A       100%        8
 Chain Lightning          Conj/Air       0%         N/A       100%        9
 Fire Storm               Conj/Fire      0%         5d1       100%        9
 Shatter                  Erth           0%         3d5*      100%        9
 Blink                    Tloc           Unusable   N/A       N/A         2
 Martyr's Knell           Necr/Summ      Unusable   N/A       N/A         4
 Death Channel            Necr           Unusable   N/A       N/A         6

Dungeon Overview and Level Annotations

Branches:
Dungeon (12/15)            Temple (1/1) D:6            Lair (0/5) D:8
    Orc (0/2) D:11          Sewer (visited)

Altars:
Ashenzari
Cheibriados
Dithmenos
Elyvilon
Fedhas
Gozag
Hepliaklqana
Kikubaaqudgha
Makhleb
Nemelex Xobeh
Okawaru
Qazlal
Ru
Sif Muna
Trog
Uskayaw
Vehumet
Wu Jian
Xom
Yredelemnul
Zin
The Shining One

Shops:
D:10 [

Annotations:
D:9 4 transporters
Temple 2 transporters


Innate Abilities, Weirdness & Mutations

You cannot be hasted, slowed, berserked, paralysed or teleported.
You can dig through walls and to a lower floor.
You have a pair of large antennae on your head. (SInv)
Your four strong arms can wield two-handed weapons with a shield.


Message History

You feel much better. The wraith closely misses you.
The weeping skull moans at its own decrepit state.
The weeping skull barely misses you.
You block the nine-headed hydra's attack.
The nine-headed hydra closely misses you.
You block the nine-headed hydra's attack. x2
The nine-headed hydra bites you but does no damage. x2
You block the nine-headed hydra's attack.
The nine-headed hydra bites you. The nine-headed hydra bites you!
* * * LOW HITPOINT WARNING * * *
You can now deal lightning-fast blows.
The weeping skull closely misses you. The wraith hits you but does no damage.
You block the nine-headed hydra's attack.
The nine-headed hydra bites you.
* * * LOW HITPOINT WARNING * * *
You block the nine-headed hydra's attack.
The nine-headed hydra bites you but does no damage.
The nine-headed hydra bites you.
* * * LOW HITPOINT WARNING * * *
You block the nine-headed hydra's attack. x2
The nine-headed hydra bites you but does no damage. x2
You hack one of the nine-headed hydra's heads off!
The eight-headed hydra grows two more!
You slice the ten-headed hydra!!
The ten-headed hydra seems to slow down.
You freeze the ten-headed hydra.
The ten-headed hydra is heavily wounded.
You slash the wraith! You freeze the wraith.
You destroy the wraith!
Okawaru accepts your kill.
You slice the weeping skull!! You freeze the weeping skull.
The weeping skull touches you.
* * * LOW HITPOINT WARNING * * *
You feel drained.
* * * LOW HITPOINT WARNING * * *
You block the ten-headed hydra's attack.
The ten-headed hydra misses you. The ten-headed hydra bites you!
* * * LOW HITPOINT WARNING * * *
The ten-headed hydra bites you but does no damage.
The ten-headed hydra barely misses you. x2; The ten-headed hydra bites you.
You die...

###...# #..#
#.....######...
.#♣♣.♣♣#.[...........
...........#########.
##♣♣.♣♣##..# #..#
#).#########.
#...○○.......
#...D@z.☼....
#....○○○°....
....$#########.
##...# #...# #....{
#...


You could see a ten-headed hydra (slow) and a weeping skull.

Vanquished Creatures
  Josephine (D:12)
  6 two-headed ogres
  2 boulder beetles
  3 skeletal warriors (D:11)
  A deep elf pyromancer (D:8)
  A cyclops (D:11)
  A gargoyle (D:7)
  Maggie (D:9)
  An unseen horror (D:11)
  A kobold demonologist (D:9)
  A komodo dragon (D:8)
  Jeremiah (D:9)
  A troll (D:10)
  2 hornets (D:9)
  A shadow (D:11)
  3 wyverns
  4 wraiths
  12 yaks
  2 wargs (D:11)
  2 steam dragons
  2 acid dragons (D:10)
  2 water moccasins (D:5)
  A black bear (D:6)
  2 orc warriors (D:11)
  3 sky beasts
  2 crocodiles (Sewer)
  4 ice beasts
  4 centaurs
  3 phantoms
  3 kobold brigands
  5 bullfrogs
  3 scorpions
  3 killer bees (D:9)
  A howler monkey (D:10)
  3 bombardier beetles (D:5)
  5 hounds
  A jelly (D:7)
  5 orc priests
  A gnoll bouda (D:6)
  Crazy Yiuf (D:2)
  A sleepcap (D:7)
  Natasha (twice) (D:2)
  4 iguanas
  9 orc wizards
  A sickly merfolk siren (Sewer)
  A malarious merfolk avatar (Sewer)
  6 gnolls
  9 adders
  A shadow imp (D:6)
  A white imp (D:6)
  2 ufetubi (D:6)
  A ribbon worm (D:5)
  A dart slug (D:1)
  32 orcs
  12 ball pythons
  4 bats
  2 endoplasms
  8 giant cockroaches
  8 goblins
  3 hobgoblins
  3 jackals (D:1)
  4 quokkas
  6 frilled lizards
  22 kobolds
  23 rats
267 creatures vanquished.

Vanquished Creatures (others)
  A bullfrog (D:8)
1 creature vanquished.

Grand Total: 268 creatures vanquished

Notes
Turn   | Place    | Note
-------+----------+-------------------------------------------
     0 | D:1      | Eitelfritz the Formicid Fighter began the quest for the
                  | Orb.
     0 | D:1      | Reached XP level 1. HP: 18/18 MP: 1/1
   108 | D:1      | Reached XP level 2. HP: 24/24 MP: 2/2
   624 | D:1      | Reached XP level 3. HP: 28/30 MP: 3/3
   836 | D:2      | Noticed Natasha
   850 | D:2      | Killed Natasha
   851 | D:2      | Reached skill level 3 in Axes
   851 | D:2      | Reached XP level 4. HP: 26/37 MP: 4/4
  1028 | D:2      | Noticed Natasha
  1042 | D:2      | Killed Natasha
  1228 | D:2      | Found a runed translucent door.
  1229 | D:2      | Noticed Crazy Yiuf
  1549 | D:3      | Reached XP level 5. HP: 42/42 MP: 5/5
  1581 | D:3      | Found an iron altar of Okawaru.
  1690 | D:3      | Found an opulent altar of Gozag.
  1781 | D:3      | Found a sparkling altar of Nemelex Xobeh.
  2173 | D:2      | Identified a scroll of acquirement
  2173 | D:2      | Acquired a +2 executioner's axe of freezing
  2212 | D:2      | Killed Crazy Yiuf
  2295 | D:4      | Reached skill level 4 in Axes
  2301 | D:4      | Reached skill level 1 in Dodging
  2301 | D:4      | Reached XP level 6. HP: 48/48 MP: 6/6
  2642 | D:4      | Found a shimmering altar of Xom.
  2643 | D:4      | Noticed a sky beast
  2646 | D:4      | Killed a sky beast
  2647 | D:4      | Reached skill level 5 in Shields
  2709 | D:4      | Reached XP level 7. HP: 32/55 MP: 7/7
  2866 | D:4      | Found a glowing golden altar of the Shining One.
  3072 | D:4      | Reached skill level 5 in Axes
  3369 | D:5      | Entered Level 5 of the Dungeon
  3431 | D:5      | Noticed a water moccasin
  3441 | D:5      | Killed a water moccasin
  3442 | D:5      | Reached skill level 5 in Fighting
  3442 | D:5      | Reached skill level 5 in Armour
  3442 | D:5      | Reached XP level 8. HP: 10/62 MP: 8/8
  3655 | D:5      | Reached skill level 6 in Axes
  3770 | D:5      | Found a glowing drain.
  3776 | D:5      | Reached skill level 1 in Stealth
  3801 | Sewer    | Entered a sewer
  3923 | Sewer    | Reached skill level 7 in Axes
  4127 | Sewer    | Reached XP level 9. HP: 68/68 MP: 9/9
  5112 | D:6      | Reached skill level 8 in Axes
  5169 | D:6      | Found a staircase to the Ecumenical Temple.
  5176 | Temple   | Found a transporter.
  5176 | Temple   | Found a transporter.
  5176 | Temple   | Found a transporter.
  5176 | Temple   | Found a transporter.
  5176 | Temple   | Entered the Ecumenical Temple
  6405 | D:7      | Reached skill level 9 in Axes
  6411 | D:7      | Reached XP level 10. HP: 77/77 MP: 10/10
  6846 | D:3      | Became a worshipper of Warmaster Okawaru
  6994 | D:8      | Noticed a komodo dragon
  7005 | D:8      | Killed a komodo dragon
  7006 | D:8      | Reached skill level 1 in Invocations
  7198 | D:8      | Reached * piety under Okawaru
  7202 | D:8      | Reached skill level 10 in Axes
  7219 | D:8      | Noticed a deep elf pyromancer
  7406 | D:8      | Killed a deep elf pyromancer
  7662 | D:8      | Found a staircase to the Lair.
  7665 | D:8      | Reached ** piety under Okawaru
  7754 | D:8      | Noticed a gargoyle
  7755 | D:8      | Found the +6 shillelagh "Devastator" {shatter}
  7757 | D:8      | Noticed a two-headed ogre
  7757 | D:8      | Noticed a two-headed ogre
  7991 | D:7      | Killed a gargoyle
  8122 | D:7      | Killed a two-headed ogre
  8122 | D:7      | Reached *** piety under Okawaru
  8123 | D:7      | Reached XP level 11. HP: 80/84 MP: 14/14
  8138 | D:8      | Killed a two-headed ogre
  8335 | D:8      | Reached skill level 5 in Invocations
  8710 | D:9      | Found a transporter.
  8859 | D:9      | Noticed Jeremiah
  8930 | D:9      | Killed Jeremiah
  8931 | D:9      | Reached skill level 11 in Axes
  9112 | D:9      | Found a hide-covered altar of Uskayaw.
  9137 | D:9      | Noticed Maggie
  9152 | D:9      | Killed Maggie
  9305 | D:9      | Found a transporter.
  9377 | D:9      | Noticed a soul eater
  9377 | D:9      | Reached **** piety under Okawaru
  9762 | D:9      | Found an ornate altar of the Wu Jian Council.
  9850 | D:9      | Found a transporter.
  9896 | D:9      | Found a transporter.
  9945 | D:10     | Entered Level 10 of the Dungeon
 10000 | D:10     | Noticed a two-headed ogre
 10008 | D:10     | Killed a two-headed ogre
 10008 | D:10     | Reached ***** piety under Okawaru
 10251 | D:10     | Noticed a two-headed ogre
 10259 | D:10     | Killed a two-headed ogre
 10260 | D:10     | Reached skill level 12 in Axes
 10428 | D:10     | Found Muqefioh's Armour Shop.
 10441 | D:10     | Bought the +0 pair of boots of the Cockatrice {Slay+3} for
                  | 361 gold pieces
 10588 | D:10     | Found a burning altar of Makhleb.
 10749 | D:10     | Found a white marble altar of Elyvilon.
 10868 | D:11     | Noticed a two-headed ogre
 10877 | D:11     | Killed a two-headed ogre
 10877 | D:11     | Received a gift from Okawaru
 10878 | D:11     | Reached XP level 12. HP: 54/93 MP: 16/16
 11020 | D:11     | Noticed a boulder beetle
 11028 | D:11     | Killed a boulder beetle
 11171 | D:11     | Noticed a skeletal warrior
 11174 | D:11     | Noticed a skeletal warrior
 11177 | D:11     | Noticed a skeletal warrior
 11181 | D:11     | Killed a skeletal warrior
 11184 | D:11     | Killed a skeletal warrior
 11189 | D:11     | Killed a skeletal warrior
 11190 | D:11     | Reached skill level 10 in Shields
 11416 | D:11     | Reached skill level 13 in Axes
 11606 | D:11     | Found a staircase to the Orcish Mines.
 11642 | D:11     | Received a gift from Okawaru
 11987 | D:11     | Noticed a two-headed ogre
 11993 | D:11     | Killed a two-headed ogre
 12130 | D:12     | Noticed a boulder beetle
 12140 | D:12     | Killed a boulder beetle
 12162 | D:12     | Noticed Josephine
 12168 | D:12     | Noticed a seven-headed hydra
 12174 | D:12     | Killed Josephine
 12179 | D:12     | HP: 1/93 [ten-headed hydra (10)]
 12179 | D:12     | Slain by a ten-headed hydra

Illustrated notes

Levels and vault maps discovered:
D:1:      tarquinn_simple_flora_water_c, layout_basic, serial_bayou_ford_a
D:2:      layout_rooms, uniq_crazy_yiuf_cottage, uniq_natasha
D:3:      layout_rooms, okawaru_gym_becter, nemelex_diamond_rough_becter,
          grunt_gozag_statues, serial_forest, infiniplex_forest_corner_2,
          infiniplex_forest_clump_curved, infiniplex_forest_clump_small,
          infiniplex_forest_clump_cross, infiniplex_forest_lined_2,
          infiniplex_forest_lined_2, minmay_misc_feat_alley, serial_park_tiny_2,
          kennysheep_generic_room_10
D:4:      layout_basic, mainiacjoe_overflow_24_doors, tso_oasis_becter,
          minivault_1
D:5:      layout_layer_cave, cheibrodos_sewer_entry_bend, bh_walls_and_bars
D:6:      layout_loops_ring, temple_green, st_stairs_13, minmay_diced_spiral
D:7:      layout_cave_pools, feat_on_display
D:8:      layout_loops_corners, grunt_lair_entry_orc_guard_hut,
          dilly_guarded_unrand_devastator
D:9:      layout_roguey, kennysheep_mini_moat, nzn_wu_jian_council_hall,
          nicolae_transporter_intersection, uniq_jeremiah, uniq_maggie
D:10:     layout_roguey, mainiacjoe_overflow_alcove_4,
          nicolae_overflow_hidden_temple, serial_shops, nicolae_lakefront_shop
D:11:     layout_loops_ring, david_orc_1_choice
D:12:     lemuel_vampire_tower, layout_small_grid, minmay_tree_intersection,
          vehumet_statue, uniq_josephine, uniq_gastronok
Temple:   hellmonk_temple_divided_pantheon

Skill      XL: |  1  2  3  4  5  6  7  8  9 10 11 12 |
---------------+-------------------------------------+-----
Axes           | 3 4 5 7 9 10 12 13 | 13.6
Armour         | 4 5 6 7 8 |  8.0
Fighting       | 4 5 6 7 8 9 |  9.1
Dodging        | 1 2 3 4 |  4.7
Shields        | 5 7 8 9 10 | 10.3
Stealth        | 1 2 3 4 |  4.2
Invocations    | 4 6 |  6.1

Action                     |  1- 3 |  4- 6 |  7- 9 | 10-12 || total
---------------------------+-------+-------+-------+-------++-------
  Melee: War axe           |    63 |    68 |       |       ||   131
         Executioner's axe |       |    71 |   264 |   321 ||   656
 Invoke: Heroism           |       |       |       |     1 ||     1
         Finesse           |       |       |       |     1 ||     1
Ability: Dig               |       |       |       |     2 ||     2
    Use: Scroll            |       |     7 |     9 |     6 ||    22
         Potion            |       |       |     1 |     5 ||     6
   Stab: Sleeping          |       |       |       |     3 ||     3
 Armour: Scale mail        |    49 |    99 |   186 |     1 ||   335
         Ring mail         |       |       |       |   108 ||   108
         Acid dragon scale |       |       |       |    99 ||    99
  Dodge: Dodged            |    39 |    78 |   134 |    99 ||   350
  Block: Buckler           |    21 |    47 |    47 |       ||   115
         Tower shield      |       |       |   111 |   310 ||   421
